AoeStats
← shalevwood

Coastal Forest

510586353Analyzed
4v4 RM · 14h ago on Oct 1, 2026· 61m 38s· 8 players
Game mode
Random Map
Map size
Large (8 player)
Population
200
Speed
Normal
Resources
Standard
Victory
Conquest
Starting age
Dark Age
Ending age
Imperial Age
RankedLock teamsTeams togetherTeam positionsShared explorationLock speedFull tech treeHidden civsTurbo modeCheats
Victory
Defeat
🇫🇷 Persians · France
1078
+16
🇿🇦 Japanese · South Africa
1073
+16
🇳🇱 Armenians · Netherlands
1061
+16
🇮🇱 Magyars · Israel
1020
+18
🇫🇮 Japanese · Finland
1122
-19
🇫🇮 Turks · Finland
1109
-18
🇫🇮 Poles · Finland
1083
-17
🇫🇮 Franks · Finland
966
-12
JewelerMaster
12:47 Feudal Age
13:31 Man-at-Arms
13:57 Arson
16:35 Scale Mail Armor
17:41 Loom
18:41 Long Swordsman
19:50 Horse Collar
22:26 Castle Age
21:09 Forging
21:31 Double-Bit Axe
21:40 Gold Mining
22:18 Pikeman
24:11 Bow Saw
24:30 Two-Handed Swordsman
24:56 Gambesons
27:04 Squires
29:36 Wheelbarrow
34:01 Chain Mail Armor
34:22 Iron Casting
36:24 Imperial Age
35:54 Halberdier
36:51 Stone Mining
37:39 Gold Shaft Mining
39:56 Plate Mail Armor
40:30 Hand Cart
41:07 Onager
42:54 Fletching
43:06 Padded Archer Armor
44:31 Bodkin Arrow
44:52 Leather Archer Armor
45:12 Iron Casting
47:31 Fereters
49:03 Champion
51:04 Blast Furnace
59:00 Capped Ram
necron
10:20 Feudal Age
11:50 Loom
11:58 Loom
14:45 Castle Age
13:31 Horse Collar
14:14 Double-Bit Axe
18:51 Wheelbarrow
22:03 Fletching
22:26 Forging
25:22 Pikeman
28:39 Stone Mining
28:45 Gold Mining
31:53 Imperial Age
30:19 Bow Saw
30:14 Heavy Plow
30:53 Gold Shaft Mining
30:37 Kamandaran
30:46 Crossbowman
31:32 Thumb Ring
31:22 Fletching
32:24 Ballistics
32:18 Bodkin Arrow
33:26 Conscription
34:56 Chemistry
33:59 Padded Archer Armor
34:48 Elite War Elephant
37:12 Scale Barding Armor
37:43 Iron Casting
40:06 Chain Barding Armor
40:47 Blast Furnace
40:13 Leather Archer Armor
43:27 Plate Barding Armor
46:13 Murder Holes
52:16 Caravan
shalevwood
12:51 Feudal Age
13:28 Double-Bit Axe
16:21 Horse Collar
18:49 Castle Age
17:48 Gold Mining
18:52 Bloodlines
19:59 Light Cavalry
22:58 Scale Barding Armor
24:26 Chain Barding Armor
25:40 Wheelbarrow
25:35 Husbandry
28:22 Bow Saw
29:04 Heavy Plow
30:06 Hand Cart
32:07 Stone Mining
33:00 Corvinian Army
33:33 Fletching
34:31 Bodkin Arrow
36:59 Gold Shaft Mining
39:57 Imperial Age
40:07 Elite Magyar Huszar
41:11 Conscription
41:35 Crop Rotation
41:45 Plate Barding Armor
42:58 Hoardings
43:56 Masonry
Straat Kat
2:50 Loom
11:48 Feudal Age
11:55 Man-at-Arms
12:22 Arson
14:29 Scale Mail Armor
14:40 Forging
26:49 Castle Age
29:46 Chain Mail Armor
30:06 Iron Casting
31:08 Double-Bit Axe
31:28 Padded Archer Armor
32:29 Fletching
35:32 Thumb Ring
38:46 Leather Archer Armor
41:10 Bodkin Arrow
45:00 Husbandry
45:10 Bloodlines
49:06 Wheelbarrow
51:46 Imperial Age
52:52 Conscription
53:04 Elite Samurai
53:53 Heavy Cavalry Archer
57:40 Ring Archer Armor
57:11 Bracer
59:26 Parthian Tactics
61:46 Ballistics
62:27 Chemistry
Slam-9
14:12 Feudal Age
25:18 Castle Age
25:57 Pikeman
27:39 Loom
39:15 Scale Mail Armor
39:26 Forging
45:21 Elite Skirmisher
61:40 Imperial Age
johku90
9:00 Loom
9:11 Loom
12:13 Feudal Age
16:32 Castle Age
21:22 Double-Bit Axe
23:56 Scale Barding Armor
31:05 Imperial Age
29:13 Wheelbarrow
29:36 Gold Mining
30:42 Padded Archer Armor
31:42 Gold Shaft Mining
33:40 Leather Archer Armor
40:53 Ring Archer Armor
47:14 Bloodlines
49:09 Horse Collar
60:08 Forging
kapustarinta
8:57 Loom
10:44 Feudal Age
19:14 Castle Age
26:02 Double-Bit Axe
26:56 Horse Collar
28:42 Bloodlines
29:37 Forging
32:02 Scale Barding Armor
33:01 Bow Saw
32:53 Heavy Plow
35:50 Iron Casting
36:48 Wheelbarrow
35:59 Town Watch
38:52 Imperial Age
37:50 Szlachta Privileges
38:28 Murder Holes
39:20 Chain Barding Armor
39:11 Husbandry
39:39 Ballistics
41:50 Blast Furnace
40:13 Cavalier
42:28 Elite Skirmisher
46:09 Thumb Ring
46:00 Fletching
46:10 Padded Archer Armor
47:32 Chemistry
48:47 Leather Archer Armor
48:28 Bodkin Arrow
Hatfuls
7:30 Loom
10:03 Feudal Age
11:45 Wheelbarrow
17:35 Castle Age
18:15 Double-Bit Axe
19:58 Pikeman
21:54 Medium Warships
23:06 Hand Cart
23:06 Forging
22:59 Scale Mail Armor
24:27 Bow Saw
29:40 Ballistics
33:19 Imperial Age
35:16 Chemistry
35:30 Chain Mail Armor
35:08 Fletching
35:19 Padded Archer Armor
35:36 Elite Cannon Galleon
37:29 Elite Samurai
39:55 Plate Mail Armor
41:02 Halberdier
44:14 Bodkin Arrow
44:27 Squires
45:55 Iron Casting
55:57 Elite Skirmisher
Connection lost

Rejoining the realm…

Still unreachable

The connection could not be restored.

Session expired

The server has moved on; the page needs a fresh start.